 Dungeon Crawl Stone Soup version 0.21.0-3-g78d12a8 (webtiles) character file.

410 theanonym the Conjurer (level 6, -7/36 HPs)
             Began as an Octopode Conjurer on Jan 10, 2018.
             Mangled by a gnoll sergeant
             ... wielding a +0 trident of freezing
              (12 damage)
             ... on level 4 of the Dungeon.
             The game lasted 00:16:07 (4459 turns).

theanonym the Conjurer (Octopode Conjurer)          Turns: 4459, Time: 00:16:08

Health: -7/36      AC:  1    Str:  7    XL:     6   Next: 89%
Magic:  1/19       EV: 13    Int: 22    God:
Gold:   228        SH:  0    Dex: 13    Spells: 3/11 levels left

rFire    . . .     SeeInvis .   h - +2 dagger (holy)
rCold    . . .     Gourm    .   (no shield)
rNeg     . . .     Faith    .   (helmet restricted)
rPois    .         Spirit   .   (no amulet)
rElec    .         Reflect  .   c - ring of magical power {MP+9}
rCorr    .         Harm     .   u - +3 ring of intelligence
MR       .....                  (no ring)
Stlth    ++++......             (no ring)
HPRegen  0.12/turn              (no ring)
MPRegen  0.16/turn              (no ring)
                                (no ring)
                                (no ring)

@: no status effects
A: almost no armour, stealthy swim, amphibious, 8 rings, constrict 8, camouflage
1, gelatinous body 1
a: no special abilities


Innate Abilities, Weirdness & Mutations

You cannot wear most types of armour.
You are very stealthy in the water. (Stealth+)
You are amphibious.
You can wear up to eight rings at the same time.
You can use your tentacles to constrict eight enemies at once.
Your skin changes colour to match your surroundings (Stealth+).
Your rubbery body absorbs attacks. (AC +1, EV +1)


   Skills:
 + Level 2.1 Dodging
 - Level 5.0 Stealth
 - Level 3.0 Spellcasting
 * Level 5.9 Conjurations
 - Level 3.1 Hexes


You had 3 spell levels left.
You knew the following spells:

 Your Spells              Type           Power        Failure   Level  Hunger
a - Magic Dart            Conj           ####         1%          1    None
b - Dazzling Spray        Conj/Hex       ###...       5%          3    ###....
f - Iskenderun's Mystic   Conj           ####....     11%         4    ####...

Skill      XL: |  1  2  3  4  5  6 |
---------------+-------------------+-----
Hexes          | 1 2 3 |  3.1
Spellcasting   | 3 |  3.0
Stealth        | 3 4 5 |  5.0
Conjurations   | 5 |  5.9
Dodging        | |  2.1

Action                   |  1- 3 |  4- 6 || total
-------------------------+-------+-------++-------
Melee: Unarmed           |    17 |       ||    17
       Constrict         |    10 |     6 ||    16
       Tentacles         |     3 |     7 ||    10
       Dagger            |     2 |    31 ||    33
       Short sword       |     1 |       ||     1
 Cast: Magic Dart        |    89 |    65 ||   154
       Dazzling Spray    |       |     7 ||     7
       Iskenderun's Myst |       |    20 ||    20
Evoke: Wand              |       |     1 ||     1
  Use: Scroll            |     5 |     5 ||    10
       Potion            |       |     1 ||     1
  Eat: Chunk             |     5 |     7 ||    12
       Ration            |       |     1 ||     1
Armor: Skin              |     5 |       ||     5
Dodge: Dodged            |    33 |    19 ||    52

Inventory:

Hand Weapons
 d - a +0 rapier
   (You found it on level 4 of the Dungeon)
 h - a +2 dagger of holy wrath (weapon)
   (You took it off a goblin on level 2 of the Dungeon)
 i - a +0 short sword
   (You took it off a kobold on level 1 of the Dungeon)
 r - a +0 dagger of draining
   (You found it on level 3 of the Dungeon)
Armour
 j - a +0 shield
   (You found it on level 3 of the Dungeon)
Jewellery
 c - a ring of magical power (left tentacle) {MP+9}
   (You found it on level 1 of the Dungeon)
 u - a +3 ring of intelligence (right tentacle)
   (You found it on level 2 of the Dungeon)
Wands
 p - a wand of flame (15)
   (You found it on level 4 of the Dungeon)
Scrolls
 g - 5 scrolls of remove curse
 k - a scroll of amnesia
 n - 2 scrolls of blinking {unknown}
 t - a scroll of teleportation {!r}
Potions
 a - a potion of might {unknown}
 f - a potion of flight
 l - 2 potions of agility
 m - a potion of cancellation
 o - a potion of haste {unknown}
 q - 2 potions of heal wounds
 s - a potion of mutation {unknown}
Books
 e - a book of Conjurations
Comestibles
 b - 5 rations
 v - 3 chunks of flesh


You were on level 4 of the Dungeon.
You were hungry.

You visited 1 branch of the dungeon, and saw 4 of its levels.

You collected 228 gold pieces.

Dungeon Overview and Level Annotations

Branches:
Dungeon (4/15)
 Temple: D:4-7

Altars:
Kikubaaqudgha

Shops:
D:4

* .# #.#
#...#.#.####..###.# #....
.# #.# #.............###.#
#..#. .# #.#
#...#.#.###...#...# #....
#.............#...# #..#.
##..#.#####.#.#...####..#.
#..#.# #.#.#...'.......
#..#.#####+#.#...####..##
#..#.........###.# #.###
#.......@....# #.# #....
.....#.....gg..# #.# #####
####.#.........# #.# # #
#.........###.# #
................# #
#.#.#####.#####.# # #.#.
#.# #.# # # #. #.# #.#
#### ... ... .....


You could see a gnoll sergeant and a gnoll.

Notes
Turn   | Place    | Note
-------+----------+-------------------------------------------
     0 | D:1      | theanonym the Octopode Conjurer began the quest for the Orb.
     0 | D:1      | Reached XP level 1. HP: 11/11 MP: 3/3
   150 | D:1      | HP: 4/11 [kobold (2)]
   425 | D:1      | Reached XP level 2. HP: 17/17 MP: 0/5
   598 | D:1      | HP: 6/17 [goblin/spear (6)]
  1332 | D:1      | Reached XP level 3. HP: 21/21 MP: 6/6
  1451 | D:1      | Learned a level 3 spell: Dazzling Spray
  2208 | D:2      | Reached skill level 1 in Hexes
  2353 | D:3      | Reached XP level 4. HP: 27/27 MP: 8/8
  2406 | D:3      | theanonym: !stats opcj
  2464 | D:3      | Learned a level 4 spell: Iskenderun's Mystic Blast
  2464 | D:3      | beem: Starting stats for OpCj: Str 7 Int 17 Dex 12. Stat gain: sid/5
  2526 | D:3      | Reached skill level 3 in Spellcasting
  2598 | D:3      | Found an ancient bone altar of Kikubaaqudgha.
  2688 | D:3      | Reached skill level 3 in Stealth
  3124 | D:4      | Noticed an ogre
  3163 | D:4      | Reached XP level 5. HP: 31/31 MP: 9/9
  3185 | D:4      | Reached skill level 5 in Conjurations
  3185 | D:4      | Reached skill level 2 in Hexes
  3347 | D:4      | HP: 12/31 [worker ant (4)]
  3348 | D:4      | Reached skill level 4 in Stealth
  3352 | D:4      | HP: 12/31 [poisoned by a scorpion]
  3353 | D:4      | Reached XP level 6. HP: 14/36 MP: 1/10
  3357 | D:4      | HP: 10/36 [poisoned by a scorpion]
  3363 | D:4      | HP: 8/36 [poisoned by a scorpion]
  3368 | D:3      | HP: 7/36 [poisoned by a scorpion]
  3376 | D:3      | HP: 6/36 [poisoned by a scorpion]
  3667 | D:4      | Found Vaerphino's Elemental Accessories.
  4151 | D:4      | Reached skill level 5 in Stealth
  4151 | D:4      | Reached skill level 3 in Hexes
  4455 | D:4      | HP: 14/36 [gnoll sergeant/trident of freezing (7)]
  4457 | D:4      | HP: 6/36 [gnoll sergeant/trident of freezing (7)]
  4459 | D:4      | Mangled by a gnoll sergeant

Vanquished Creatures
  An ogre (D:4)
  A scorpion (D:4)
  An orc wizard (D:4)
  2 worker ants (D:4)
  6 gnolls
  4 adders
  2 oozes (D:4)
  2 adder skeletons (D:4)
  A dart slug (D:1)
  A leopard gecko (D:4)
  10 orcs
  8 bats
  2 giant cockroaches
  5 goblins
  10 hobgoblins
  3 jackals (D:2)
  7 kobolds
  2 quokkas (D:2)
  3 ball pythons
  6 frilled lizards
  A jackal zombie (D:4)
  3 rats
81 creatures vanquished.

Table legend:
 A = Turns spent in this place as a percentage of turns spent in the entire game.
 B = Non-inter-level travel turns spent in this place as a percentage of non-inter-level travel turns spent in the entire game.
 C = Inter-level travel turns spent in this place as a percentage of turns spent in this place.
 D = Turns resting spent in this place as a percentage of non-inter-level travel turns spent in this place.
 E = Turns spent auto-exploring this place as a percentage of non-inter-level travel turns spent in this place.
 F = Non-inter-level travel turns spent in this place divided by the number of levels of this place that you've seen.
                   A       B       C       D       E      F
               +-------+-------+-------+-------+-------+----------------------
         Total | 100.0 | 100.0 |   3.5 |  45.3 |  41.1 | 1076.2
       Dungeon | 100.0 | 100.0 |   3.5 |  45.3 |  41.1 | 1076.2
               +-------+-------+-------+-------+-------+----------------------
